 Dungeon Crawl Stone Soup version 0.28-a0-845-gfc338a8e3c (webtiles) character file.

Game seed: 5451015023685571042

58 siradein the Ducker (level 3, 0/28 HPs)
             Began as a Demonspawn Gladiator on Nov 12, 2021.
             Slain by a gnoll (9 damage)
             ... on level 2 of the Dungeon.
             The game lasted 00:01:36 (965 turns).

siradein the Ducker (Demonspawn Gladiator)           Turns: 965, Time: 00:01:37

Health: 0/28       AC:  4    Str: 14    XL:     3   Next: 75%
Magic:  3/3        EV: 12    Int:  9    God:
Gold:   60         SH:  0    Dex: 15    Spells: 2/2 levels left

rFire   . . .      SeeInvis .   a - +0 trident
rCold   . . .      Faith    .   (no shield)
rNeg    . . .      Spirit   .   b - +0 leather armour
rPois   .          Reflect  .   c - +0 helmet
rElec   .          Harm     .   (no cloak)
rCorr   .          Rampage  .   (no gloves)
Will    .....                   (no boots)
Stlth   +.........              (no amulet)
HPRegen 0.09/turn               (no ring)
MPRegen 0.08/turn               (no ring)

@: no status effects
A: foul stench 1
a: no special abilities


You were on level 2 of the Dungeon.
You visited 1 branch of the dungeon, and saw 2 of its levels.

You collected 60 gold pieces.

Inventory:

Hand Weapons
 a - a +0 trident (weapon)
Missiles
 d - 3 throwing nets (quivered)
 e - 49 stones
 f - 8 poisoned darts
Armour
 b - a +0 leather armour (worn)
 c - a +0 helmet (worn)
Scrolls
 g - a scroll of identify {unknown}
 h - a scroll of enchant armour {unknown}
 j - 2 scrolls of teleportation {unknown}
Potions
 i - a potion of flight {unknown}
 k - 2 potions of ambrosia {unknown}


   Skills:
 + Level 2.7 Fighting
 + Level 3.1 Polearms
 + Level 2.4 Throwing
 + Level 3.1 Dodging


You had 2 spell levels left.
You didn't know any spells.
Your spell library was empty.

Dungeon Overview and Level Annotations

Branches:
Dungeon (2/15)

Altars:


Innate Abilities, Weirdness & Mutations

You may rarely emit foul miasma when damaged in melee.


Message History

You hit the gnoll.
The gnoll is lightly wounded.
You closely miss the gnoll.
The gnoll is lightly wounded.
The gnoll misses you.
You hit the gnoll but do no damage.
The gnoll is lightly wounded.
The gnoll hits you but does no damage.
You barely miss the gnoll.
The gnoll is lightly wounded.
The gnoll hits you with a +0 flail. The gnoll closely misses you.
You barely miss the gnoll.
The gnoll is lightly wounded.
The gnoll barely misses you.
You hit the gnoll but do no damage.
The gnoll is lightly wounded.
The gnoll closely misses you.
You hit the gnoll but do no damage.
The gnoll is lightly wounded.
The gnoll closely misses you.
You closely miss the gnoll.
The gnoll is lightly wounded.
The gnoll hits you with a +0 flail!
You are too injured to fight recklessly!
You are too injured to fight recklessly!
You are too injured to fight recklessly!
You are too injured to fight recklessly!
You hit the gnoll but do no damage.
The gnoll is lightly wounded.
The gnoll hits you but does no damage.
You puncture the gnoll!
The gnoll is severely wounded.
The gnoll barely misses you.
You closely miss the gnoll.
The gnoll is severely wounded.
The gnoll hits you with a +0 flail. The gnoll barely misses you.
You closely miss the gnoll.
The gnoll is severely wounded.
The gnoll hits you with a +0 flail!
You die...

### ... #... #...
#######+#...
#...........
#######...........
#.................
#@####............
#g# #...<###'#...
#########g#
#.#..###.#...
+.........#
#.#..†...#...
####.).####
#.....[#.#...
#...#
#......#.#...
#...#
#......#.#...
......
#......#.####
....... #......#+#


You could see 2 gnolls.

Vanquished Creatures
  2 gnolls
  3 dart slugs
  2 ball pythons
  4 endoplasms (D:1)
  A giant cockroach (D:2)
  4 hobgoblins (D:1)
  2 kobolds
  A quokka (D:1)
  2 bats (D:1)
  A frilled lizard (D:1)
  13 rats (D:1)
35 creatures vanquished.

Notes
Turn   | Place    | Note
-------+----------+-------------------------------------------
     0 | D:1      | siradein the Demonspawn Gladiator began the quest for the
                  | Orb.
     0 | D:1      | Reached XP level 1. HP: 16/16 MP: 1/1
   184 | D:1      | Gained mutation: You may rarely emit foul miasma when
                  | damaged in melee. [demonic ancestry]
   184 | D:1      | Reached XP level 2. HP: 22/22 MP: 2/2
   309 | D:1      | Reached XP level 3. HP: 7/28 MP: 3/3
   965 | D:2      | Slain by a gnoll

Illustrated notes

Levels and vault maps discovered:
D:1:      lightli_iron_boxes, layout_basic, minmay_misc_feat_secret_circle,
          interstate_on_off, minmay_rat_gold_closets
D:2:      layout_basic, serial_aquarium, aquarium_bridge_square
          [aquarium_subvault_window, aquarium_subvault_wall,
          aquarium_subvault_bridge, aquarium_subvault_window],
          aquarium_bridge_straight [aquarium_subvault_bridge,
          aquarium_subvault_balcony, aquarium_subvault_bridge,
          aquarium_subvault_wall], aquarium_window_1, aquarium_window_corner,
          aquarium_window_2, aquarium_window_1, aquarium_view_2b,
          aquarium_view_2d, minmay_tetromino_s4

Skill      XL: |  1  2 |
---------------+-------+-----
Throwing       | 2 |  2.4
Polearms       | 3 |  3.1
Dodging        | 3 |  3.1
Fighting       | |  2.7

Action                   || total
-------------------------++-------
Melee: Trident           ||   107
 Stab: Sleeping          ||     5
Armor: Leather armour    ||    19
Dodge: Dodged            ||    51

Table legend: (Time is in decaauts)
 A = Elapsed time spent in this place.
 B = Non-inter-level travel time spent in this place.
 C = Inter-level travel time spent in this place.
 D = Time resting spent in this place.
 E = Time spent auto-exploring this place.
 F = Levels seen in this place.
 G = Mean time per level.
                   A        B        C        D        E       F      G
               +--------+--------+--------+--------+--------+-----+--------+
         Total |    980 |    978 |      2 |      0 |    747 |   2 |  490.0 |
       Dungeon |    980 |    978 |      2 |      0 |    747 |   2 |  490.0 |
               +--------+--------+--------+--------+--------+-----+--------+

Top non-repeatable levels by time:
     D:1: 853 daAuts
     D:2: 127 daAuts
